 Dungeon Crawl Stone Soup version 0.20.1-1-g8b1a95d (webtiles) character file.

114 Irenicus the Slasher (level 4, -8/34 HPs)
             Began as an Octopode Chaos Knight on Oct 13, 2017.
             Mangled by an orc warrior
             ... wielding a +0 halberd of distortion
              (23 damage)
             ... on level 3 of the Dungeon.
             The game lasted 00:04:00 (1702 turns).

Irenicus the Slasher (Octopode Chaos Knight)        Turns: 1702, Time: 00:04:05

Health: -8/34      AC:  3    Str: 11    XL:     4   Next: 97%
Magic:  4/4        EV: 14    Int: 14    God:    Xom [..*...]
Gold:   204        SH:  0    Dex: 14    Spells: 3/3 levels left

rFire    . . .     SeeInvis +   a - +0 falchion (chaos)
rCold    . . .     Gourm    .   (no shield)
rNeg     . . .     Faith    .   (helmet restricted)
rPois    .         Spirit   .   (no amulet)
rElec    .         Reflect  .   (no ring)
rCorr    .         Harm     .   (no ring)
MR       .....     Clarity  +   (no ring)
Stlth    ++........             (no ring)
Regen    0.2/turn               (no ring)
MPRegen  0.1/turn               (no ring)
                                (no ring)
                                (no ring)

@: no status effects
A: almost no armour, stealthy swim, amphibious, 8 rings, constrict 8, iridescent
scales 1, camouflage 1, see invisible, agile 1, clarity, high mp 1, robust 1,
gelatinous body 1
a: Renounce Religion


You were on level 3 of the Dungeon.
You worshipped Xom.
You were a toy of Xom.
You were hungry.

You visited 1 branch of the dungeon, and saw 3 of its levels.

You collected 204 gold pieces.

Inventory:

Hand Weapons
 a - a +0 falchion of chaos (weapon)
Armour
 c - a +0 large shield
Wands
 l - a wand of paralysis (15/24)
 m - a wand of polymorph (9/24)
 q - a wand of polymorph (12/24)
 s - a wand of random effects (32/48)
Scrolls
 d - a scroll of teleportation {unknown}
 e - 2 scrolls of identify {unknown}
 i - a scroll of amnesia {unknown}
 k - a scroll of blinking {unknown}
 o - a scroll of fog {unknown}
 p - a scroll of magic mapping {unknown}
 r - a scroll of enchant armour {unknown}
Potions
 g - a potion of cancellation {unknown}
 n - a potion of lignification {unknown}
Comestibles
 b - a bread ration
 f - 4 royal jellies
 h - a meat ration
 j - 7 fruits


   Skills:
 - Level 3.0 Fighting
 + Level 5.5 Long Blades
 - Level 2.3 Dodging


You had 3 spell levels left.
You didn't know any spells.

Dungeon Overview and Level Annotations

Branches:
Dungeon (3/15)

Altars:
Okawaru


Innate Abilities, Weirdness & Mutations

You cannot wear most types of armour.
You are very stealthy in the water. (Stealth+)
You are amphibious.
You can wear up to eight rings at the same time.
You can use your tentacles to constrict eight enemies at once.
Your skin changes colour to match your surroundings (Stealth+).
Your rubbery body absorbs attacks. (AC +1, EV +1)
You are partially covered in iridescent scales. (AC +2)
You have supernaturally acute eyesight. (SInv)
You are agile. (Dex +2)
You possess an exceptional clarity of mind.
You have an increased reservoir of magic. (+10% MP)
You are robust. (+10% HP)


Message History

The orc wizard shouts!
You slash the orc! You burn the orc.
You kill the orc!
You constrict the orc.
You kill the orc!
The orc wizard gestures wildly while chanting.
The orc wizard blinks!
You see here a rat corpse.
Evoke which item? (* to show all) (? for menu, Esc to quit)
Aiming: Random Effects (will waste charges)
Press: ? - help, Shift-Dir - straight line, f - orc warrior
Aim: an orc warrior, wielding a halberd of distortion and wearing a chain mail The mass of ice explodes!
The iceblast engulfs the orc warrior.
The orc warrior is moderately wounded.
Evoking this partially-identified wand wasted a few charges.
The orc warrior hits you from afar with a halberd of distortion!
Space warps horribly around you!
Ouch! That really hurt!
You die...
Xom guffaws!

#.o........# .......§#.#
#.# #...# #.# #.)## #.#
#o.# #.# .# #..#
#.######.#### ### #).#
#...........#
.....#.)#######...<.#......
#....).oo†@..........##.#
###...#######.....##.# .#
#...... #.....##.##. .#
#.###### ####........ #.#
###. #.#...##. #.##... #
#.#.### ...#.##. #†#.#
........ #.#.# .....##
#.#.#


You could see an orc warrior and an orc wizard.

Vanquished Creatures
  3 adders
  2 worms (D:2)
  A dart slug (D:3)
  4 leopard geckos
  4 orcs (D:3)
  6 bats
  4 giant cockroaches
  9 goblins
  13 hobgoblins
  2 jackals (D:2)
  A quokka (D:3)
  2 ball pythons
  A frilled lizard (D:2)
  7 kobolds
  8 rats
67 creatures vanquished.

Notes
Turn   | Place    | Note
-------+----------+-------------------------------------------
     0 | D:1      | Irenicus the Octopode Chaos Knight began the quest for the Orb.
     0 | D:1      | Reached XP level 1. HP: 16/16 MP: 1/1
    39 | D:1      | XOM: harmless Conj miscast
   123 | D:1      | Reached XP level 2. HP: 16/21 MP: 2/2
   128 | D:1      | Found an iron altar of Okawaru.
   297 | D:1      | XOM: butterfly on damage
   300 | D:1      | Reached skill level 4 in Long Blades
   376 | D:1      | Reached XP level 3. HP: 14/26 MP: 3/3
   716 | D:2      | XOM: mild Tmut miscast
   754 | D:2      | XOM: give mutations
   754 | D:2      | Gained mutation: You possess an exceptional clarity of mind. [Xom's grace]
   754 | D:2      | Gained mutation: You have an increased reservoir of magic. (+10% MP) [Xom's grace]
   754 | D:2      | Gained mutation: You are covered in fur. (AC +1) [Xom's grace]
   754 | D:2      | Gained mutation: One of your tentacles bears a spike. [Xom's grace]
   859 | D:2      | XOM: 3-stop teleportation journey
   938 | D:2      | Reached XP level 4. HP: 23/31 MP: 4/4
   943 | D:2      | XOM: god gift: blowgun {god gift}
  1338 | D:2      | XOM: give mutations
  1338 | D:2      | Gained mutation: You are partially covered in iridescent scales. (AC +2) [Xom's grace]
  1338 | D:2      | Gained mutation: You have supernaturally acute eyesight. (SInv) [Xom's grace]
  1338 | D:2      | Gained mutation: You are robust. (+10% HP) [Xom's grace]
  1338 | D:2      | Gained mutation: You are agile. (Dex +2) [Xom's grace]
  1341 | D:2      | XOM: noise
  1362 | D:2      | Reached skill level 5 in Long Blades
  1603 | D:3      | XOM: give mutations
  1603 | D:3      | Lost mutation: One of your tentacles bears a spike. [Xom's mischief]
  1603 | D:3      | Lost mutation: You are covered in fur. (AC +1) [Xom's mischief]
  1688 | D:3      | Noticed an orc warrior
  1702 | D:3      | Mangled by an orc warrior

Skill      XL: |  1  2  3  4 |
---------------+-------------+-----
Long Blades    | 4 5 |  5.5
Fighting       | |  3.0
Dodging        | |  2.3

Action                   |  1- 3 |  4- 6 || total
-------------------------+-------+-------++-------
Melee: Falchion          |    61 |    40 ||   101
       Constrict         |    21 |    13 ||    34
       Tentacles         |    11 |     5 ||    16
       Kick              |     6 |     2 ||     8
Evoke: Wand              |       |     1 ||     1
 Stab: Sleeping          |     7 |     4 ||    11
  Eat: Chunk             |       |     2 ||     2
Armor: Skin              |    12 |     8 ||    20
Dodge: Dodged            |    43 |    24 ||    67
       Rpst.: Falchion   |    11 |     6 ||    17
